 Dungeon Crawl Stone Soup version 0.23.2-30-g0e89c35649 (webtiles) character file.

Game seed: 12092115811027376808

57 TrebMcFLY the Firebug (level 3, -7/19 HPs)
             Began as a Deep Elf Fire Elementalist on June 20, 2019.
             Mangled by a bullfrog (9 damage)
             ... on level 2 of the Dungeon.
             The game lasted 00:04:58 (1472 turns).

TrebMcFLY the Firebug (Deep Elf Fire Elementalist)  Turns: 1472, Time: 00:04:58

Health: -7/19      AC:  2    Str:  5    XL:     3   Next: 73%
Magic:  0/10       EV: 13    Int: 20    God:
Gold:   58         SH:  0    Dex: 15    Spells: 3/9 levels left

rFire    . . .     SeeInvis .   f - +0 club
rCold    . . .     Gourm    .   (no shield)
rNeg     . . .     Faith    .   a - +0 robe
rPois    .         Spirit   .   (no helmet)
rElec    .         Reflect  .   (no cloak)
rCorr    .         Harm     .   (no gloves)
MR       .....                  (no boots)
Stlth    ++........             (no amulet)
HPRegen  0.06/turn              (no ring)
MPRegen  0.12/turn              (no ring)

@: very slightly contaminated
A: no striking features
a: no special abilities


You were on level 2 of the Dungeon.
You were hungry.

You visited 1 branch of the dungeon, and saw 2 of its levels.

You collected 58 gold pieces.

Inventory:

Hand Weapons
 f - a +0 club (weapon)
 j - a +0 dagger of protection
Armour
 a - a +0 robe (worn)
Scrolls
 d - 2 scrolls of remove curse {unknown}
 e - a scroll of teleportation {unknown}
 k - 2 scrolls of identify {unknown}
Potions
 g - 2 potions of degeneration {unknown}
 h - 2 potions of resistance {unknown}
 i - a potion of might {unknown}
 l - a potion of haste {unknown}
 m - a potion of curing {unknown}
Comestibles
 b - a chunk of flesh
 c - 2 rations


   Skills:
 - Level 2.4 Dodging
 - Level 2.4 Stealth
 + Level 3.7 Spellcasting
 + Level 2.1 Conjurations
 * Level 4.4 Fire Magic


You had 3 spell levels left.
You knew the following spells:

 Your Spells              Type           Power        Failure   Level  Hunger
a - Flame Tongue          Conj/Fire      ###..        3%          1    None
b - Throw Flame           Conj/Fire      ###...       5%          2    ##.....
c - Conjure Flame         Conj/Fire      ###.....     11%         3    ###....

Your spell library contained the following spells:

 Spells                   Type           Power        Failure   Level  Hunger
 Inner Flame              Hex/Fire       ##......     16%         3    ###....
 Sticky Flame             Conj/Fire      ###.....     34%         4    ####...
 Fireball                 Conj/Fire      ###.......   67%         5    ######.


Dungeon Overview and Level Annotations

Branches:
Dungeon (2/15)

Altars:


Message History

The flame tongue misses the bullfrog.
The bullfrog hits you. The bullfrog closely misses you.
Casting: Flame Tongue (safe; 3% risk of failure)
Confirm with . or Enter, or press ? or * to list all spells.
Aiming: Flame Tongue (safe; 3% risk of failure)
Press: ? - help, Shift-Dir - straight line, f/p - bullfrog
Aim: a bullfrog (heavily wounded)
You miscast Flame Tongue.
You are very lightly contaminated with residual magic.
Nothing appears to happen.
The bullfrog hits you!
* * * LOW HITPOINT WARNING * * *
Casting: Flame Tongue (safe; 3% risk of failure)
Confirm with . or Enter, or press ? or * to list all spells.
Aiming: Throw Flame (safe; 5% risk of failure)
Press: ? - help, Shift-Dir - straight line, f/p - bullfrog
Aim: a bullfrog (heavily wounded)
The puff of flame hits the bullfrog.
The bullfrog is almost dead.
The bullfrog barely misses you. The bullfrog hits you!
You die...

###### ########## .....#
#........# .....#
#...(....# # .....#
#........###.#
.....#######........+...#
.....................#..#
.....#######.............
.....# #....@...♣≈..#
.....# #....F..≈≈.≈..
###### ###.#'..≈≈..≈.
#.#.≈.≈≈≈... #.≈)...≈.≈.≈
###....#≈.≈. #≈≈≈.≈≈.≈≈≈
##### ..≈≈≈.♣.♣### .....
%..≈≈..≈.≈♣


You could see a bullfrog.

Vanquished Creatures
  An adder (D:2)
  2 dart slugs
  A leopard gecko (D:2)
  3 giant cockroaches
  6 goblins (D:1)
  7 hobgoblins
  6 kobolds
  A quokka (D:2)
  A ball python (D:1)
  4 bats
  2 frilled lizards
  7 rats
41 creatures vanquished.

Notes
Turn   | Place    | Note
-------+----------+-------------------------------------------
     0 | D:1      | TrebMcFLY the Deep Elf Fire Elementalist began the quest
                  | for the Orb.
     0 | D:1      | Reached XP level 1. HP: 10/10 MP: 6/6
   201 | D:1      | Reached XP level 2. HP: 15/15 MP: 0/8
   205 | D:1      | Learned a level 2 spell: Throw Flame
   657 | D:1      | Reached skill level 4 in Fire Magic
   909 | D:1      | Reached XP level 3. HP: 19/19 MP: 7/10
  1110 | D:2      | Learned a level 3 spell: Conjure Flame
  1128 | D:2      | Noticed a bullfrog
  1472 | D:2      | Mangled by a bullfrog

Skill      XL: |  1  2  3 |
---------------+----------+-----
Fire Magic     | 4 |  4.4
Conjurations   | 2 |  2.1
Dodging        | |  2.4
Stealth        | |  2.4
Spellcasting   | |  3.7

Action                   || total
-------------------------++-------
Melee: Club              ||     9
 Cast: Flame Tongue      ||    39
       Throw Flame       ||    30
  Eat: Chunk             ||     2
Armor: Robe              ||     7
Dodge: Dodged            ||    19
